Map: King Sejong Station LE

Players

MajOr (SpeCial) - Winner!

  • Race: Terran Terran

Cham

  • Race: Zerg Zerg

Event: WCS Copa Intercontinental

VOD

Have the link to the VOD?

Description

Time

  • Played on: Sept. 9, 2016, 3:18 p.m.
  • Length: 14:07

All games in this series

Show
View Real Time Build Order
Export as new Build Order

MajOr Terran - Winner!

Build Orders: Reaper Expand, MMM Bio 

Get SALT Encoding   

  12  0:00  SCV  
  13  0:13  SCV  
  14  0:17  Supply Depot  
  14  0:25  SCV  
  15  0:29  Refinery  
  15  0:38  SCV  
  16  0:45  Barracks  
  16  0:50  SCV  
  17  1:03  SCV  
  18  1:15  SCV  
  19  1:33  Orbital Command, Reaper  
  20  1:43  Command Center  
  20  1:54  Factory  
  20  1:59  SCV  
  21  2:07  Barracks Reactor  
  21  2:08  Supply Depot  
  21  2:12  SCV  
  22  2:20  Refinery  
  22  2:24  SCV  
  23  2:36  SCV  
  24  2:43  Starport  
  24  2:48  SCV  
  24  2:51  Hellion x2  
  29  2:54  Barracks Tech Lab  
  29  2:59  Orbital Command  
  29  3:01  SCV  
  30  3:12  Hellion  
  34  3:13  Hellion  
  34  3:15  SCV  
  35  3:26  SCV, Supply Depot  
  36  3:27  SCV  
  37  3:36  Banshee  
  37  3:39  SCV  
  37  3:40  SCV  
  42  3:44  Factory Tech Lab  
  42  3:45  Marine x2  
  44  3:54  SCV x2  
  46  3:58  Supply Depot  
  44  4:03  Marine x2  
  44  4:06  SCV  
  44  4:07  Siege Tank  
  46  4:12  SCV  
  45  4:18  SCV  
  45  4:21  Marine x2  
  48  4:24  SCV, Viking  
  48  4:30  SCV  
  52  4:32  Supply Depot  
  52  4:36  SCV  
  53  4:42  SCV  
  54  4:45  Command Center  
  54  4:46  Liberator x2  
  54  4:48  SCV  
  57  4:54  SCV  
  56  5:00  SCV  
  56  5:03  Refinery  
  56  5:04  Refinery  
  56  5:06  SCV, Marine, Engineering Bay  
  65  5:07  Stimpack, Engineering Bay  
  65  5:14  SCV  
  65  5:18  SCV  
  66  5:23  Barracks, Marine  
  66  5:25  Barracks, Factory Reactor  
  66  5:28  SCV  
  68  5:30  SCV  
  69  5:35  Supply Depot  
  69  5:40  Liberator  
  69  5:41  Marine  
  70  5:46  Terran Infantry Weapons Level 1, Terran Infantry Armor Level 1  
  70  5:51  Liberator  
  70  5:57  SCV x2, Missile Turret  
  70  5:58  Supply Depot, Orbital Command  
  75  6:04  Marine  
  75  6:09  SCV x2  
  81  6:16  Missile Turret  
  81  6:19  Supply Depot  
  81  6:21  SCV x2, Marine x2  
  82  6:33  SCV  
  82  6:35  Factory Reactor  
  82  6:36  Barracks  
  82  6:37  Barracks, Supply Depot  
  82  6:38  Marine x2  
  86  6:40  Medivac, Orbital Command  
  86  6:43  Barracks Reactor  
  86  6:44  Marine  
  88  6:51  Medivac  
  90  6:56  Supply Depot, Marine x2  
  90  6:57  Supply Depot  
  90  6:59  SCV x2  
  94  7:01  Marine  
  94  7:03  Armory  
  94  7:07  SCV  
  96  7:11  SCV x2  
  96  7:12  Combat Shields  
  96  7:14  Marine x2  
  100  7:19  SCV, Marine  
  100  7:20  Widow Mine  
  100  7:21  Widow Mine  
  105  7:25  SCV x2  
  105  7:26  Medivac x2  
  110  7:31  SCV, Marine x2  
  110  7:32  Marine x2  
  117  7:39  Marine  
  117  7:43  SCV x2  
  117  7:44  SCV  
  119  7:47  Barracks Reactor  
  119  7:48  Barracks Reactor, Marine  
  119  7:49  Widow Mine x2, Marine  
  123  7:56  Medivac  
  125  8:00  Starport  
  125  8:02  Marine x3  
  128  8:06  Marine x2  
  128  8:08  Supply Depot  
  128  8:09  Supply Depot  
  128  8:10  Supply Depot  
  129  8:13  Barracks  
  129  8:16  Barracks  
  129  8:17  Barracks  
  129  8:18  Widow Mine x2, Refinery  
  129  8:19  Marine x2  
  129  8:20  Marine  
  129  8:24  Marine  
  133  8:29  Medivac, Marine x3  
  133  8:32  Marine x2  
  139  8:37  Marine x2  
  139  8:38  Marauder  
  130  8:42  Marine  
  130  8:46  Widow Mine x2  
  130  8:47  Marine x3  
  122  8:56  Terran Infantry Weapons Level 2  
  122  8:57  Terran Infantry Armor Level 2  
  122  8:58  Marine x4  
  122  8:59  Marauder  
  122  9:02  Marine  
  127  9:06  Supply Depot  
  127  9:09  Marine x3  
  129  9:15  Widow Mine x2  
  129  9:16  Marine x3  
  136  9:19  Marine  
  136  9:20  Marine  
  136  9:21  Marauder  
  137  9:27  Marine  
  137  9:29  Marine  
  137  9:31  Barracks Tech Lab, Barracks Reactor  
  139  9:32  Marine  
  139  9:33  Marine  
  139  9:35  Medivac x2  
  142  9:39  Marine  
  142  9:40  Marine  
  142  9:42  Marine x2, Marauder  
  142  9:43  Widow Mine x2  
  142  9:45  Marine  
  149  9:50  Marine  
  149  9:51  Marauder  
  145  9:53  Marine  
  145  9:58  Marine x2  
  145  9:59  Marine  
  136  10:00  Marine  
  136  10:01  Liberator x2, Marine  
  136  10:02  Marine  
  136  10:04  Marauder  
  136  10:07  Marine x2  
  126  10:08  Marine  
  126  10:11  Marine  
  126  10:12  Widow Mine x2, Marauder  
  134  10:16  Marine x2  
  134  10:17  Marine  
  141  10:25  Marine x2, Marauder  
  141  10:26  Marine x2  
  141  10:27  Marine x2  
  148  10:29  Marine  
  148  10:33  Marine, Marauder  
  148  10:34  Marine  
  148  10:35  Marine  
  140  10:40  Widow Mine x2  
  140  10:42  Concussive Shells  
  140  10:43  Marine  
  140  10:45  Marine  
  140  10:46  Marauder  
  140  10:47  Marine  
  145  10:50  Marine x2  
  145  10:51  Marine x3  
  145  10:55  Marauder  
  149  10:57  Marine x2  
  149  11:00  Supply Depot x2  
  149  11:01  Supply Depot  
  149  11:03  Medivac  
  149  11:04  Medivac  
  155  11:05  Marine x2  
  157  11:14  Marine, Marauder  
  157  11:15  Marine  
  157  11:21  Widow Mine  
  157  11:22  Marine, Marauder  
  157  11:23  Terran Infantry Armor Level 3, Terran Infantry Weapons Level 3  
  159  11:27  Marine  
  159  11:32  Marine  
  155  11:33  Widow Mine  
  155  11:35  Marauder  
  155  11:38  Marine x2  
  158  11:42  Marine x4  
  158  11:43  Marauder  
  164  11:49  Widow Mine, Marine x2  
  164  11:50  Medivac x2  
  165  11:57  Marine x3, Marauder  
  165  11:58  Marine  
  165  12:00  Marine  
  172  12:03  Widow Mine  
  172  12:04  Marauder  
  176  12:11  Supply Depot  
  176  12:12  Supply Depot  
  176  12:16  Marine x2  
  176  12:17  Marine  
  176  12:18  Marauder  
  176  12:22  Command Center  
  181  12:32  Widow Mine x2, Marine x3  
  181  12:33  Marine  
  181  12:34  Supply Depot, Marauder  
  190  12:39  Marauder  
  190  12:41  Marine x2  
  192  12:47  Marine x2  
  194  12:55  Marauder  
  191  13:01  Widow Mine, Marauder  
  191  13:03  Marine  
  191  13:04  Marine  
  194  13:08  Medivac x2  
  195  13:13  Marine x3  
  195  13:16  Marine, Marauder  
  198  13:32  Marine x2, Marauder  
Show
View Real Time Build Order
Export as new Build Order

Cham Zerg 

Build Orders: Hatch First 

Get SALT Encoding   

  12  0:01  Drone  
  13  0:09  Drone  
  14  0:17  Overlord  
  15  0:35  Drone x3  
  17  0:52  Hatchery  
  17  0:56  Drone  
  17  0:59  Drone  
  18  1:09  Extractor  
  17  1:13  Spawning Pool  
  17  1:16  Drone  
  17  1:20  Drone  
  18  1:30  Drone  
  19  1:39  Overlord  
  19  1:51  Drone  
  20  2:00  Queen  
  22  2:02  Zergling x2  
  22  2:04  Queen, Zergling x2  
  26  2:09  Metabolic Boost  
  26  2:12  Zergling x2  
  27  2:18  Zergling x2  
  28  2:34  Drone  
  28  2:38  Drone  
  28  2:40  Queen, Drone x2  
  33  2:45  Overlord  
  33  2:48  Pneumatized Carapace  
  33  2:50  Drone  
  34  2:56  Drone  
  35  3:00  Overlord  
  35  3:13  Drone x4  
  35  3:14  Drone x2  
  35  3:17  Drone  
  35  3:19  Drone  
  43  3:23  Drone x2  
  45  3:38  Lair  
  45  3:40  Drone x2  
  47  3:42  Drone  
  47  3:44  Spore Crawler, Drone x3  
  50  3:49  Drone  
  50  3:53  Drone, Extractor  
  50  3:55  Extractor, Zergling x2  
  50  3:56  Extractor  
  50  4:00  Zergling x4  
  49  4:04  Zergling x2  
  49  4:07  Drone  
  49  4:20  Drone  
  49  4:21  Spore Crawler, Drone  
  49  4:22  Drone  
  51  4:28  Overlord x2  
  51  4:30  Overlord x2  
  51  4:37  Hatchery  
  50  4:45  Spire  
  49  4:46  Drone  
  49  4:51  Drone x2  
  51  4:53  Drone  
  51  4:54  Drone  
  51  4:59  Overlord  
  53  5:01  Zergling x2  
  53  5:02  Zergling x2  
  53  5:04  Zergling x2  
  56  5:07  Zergling x2  
  57  5:18  Drone x3  
  57  5:19  Drone x4  
  64  5:22  Drone x2  
  64  5:27  Drone, Overlord  
  67  5:31  Drone  
  68  5:35  Overlord  
  68  5:40  Drone  
  68  5:46  Overlord  
  68  5:53  Overlord x2  
  68  5:56  Mutalisk x2  
  68  5:57  Mutalisk x2  
  67  5:58  Mutalisk  
  67  6:02  Mutalisk  
  79  6:05  Baneling Nest  
  79  6:06  Mutalisk  
  79  6:08  Mutalisk  
  83  6:12  Roach Warren  
  83  6:17  Evolution Chamber  
  83  6:18  Mutalisk x2  
  81  6:20  Drone  
  81  6:21  Drone x2  
  81  6:24  Drone  
  81  6:25  Overlord  
  89  6:29  Drone x3  
  89  6:30  Drone  
  89  6:32  Overlord  
  93  6:35  Overlord  
  93  6:39  Drone x2  
  95  6:40  Drone, Extractor  
  95  6:41  Extractor  
  95  6:43  Overlord  
  95  6:45  Zerg Missile Weapons Level 1  
  94  6:54  Roach x4  
  100  6:57  Glial Reconstitution  
  102  7:04  Roach x3  
  102  7:05  Roach x2  
  112  7:09  Roach x2  
  112  7:10  Overlord  
  112  7:13  Roach  
  112  7:14  Roach  
  122  7:15  Roach  
  122  7:20  Roach x2  
  126  7:23  Roach  
  126  7:24  Roach  
  126  7:27  Overlord  
  128  7:31  Roach x3  
  128  7:32  Overlord  
  128  7:35  Roach  
  128  7:36  Roach  
  138  7:42  Roach x3  
  144  7:46  Ravager  
  144  7:47  Ravager x5  
  144  7:48  Overlord  
  144  7:51  Overlord  
  148  7:52  Overlord  
  148  7:58  Ravager x3  
  149  7:59  Roach  
  149  8:05  Roach  
  153  8:07  Roach  
  153  8:10  Roach x2  
  153  8:12  Roach  
  159  8:16  Roach x2  
  159  8:18  Ravager, Roach, Hatchery  
  162  8:20  Roach  
  162  8:23  Roach  
  162  8:24  Roach  
  166  8:30  Roach x3  
  166  8:32  Roach  
  172  8:40  Roach  
  172  8:41  Overseer, Roach x4  
  160  8:43  Roach  
  139  8:49  Roach x3  
  139  8:50  Roach  
  139  8:52  Roach  
  139  8:55  Roach x2  
  144  8:57  Roach x2  
  144  8:58  Roach  
  145  9:04  Roach x3  
  145  9:07  Roach  
  145  9:08  Overseer  
  153  9:13  Ravager x2  
  153  9:15  Ravager x2  
  155  9:21  Roach  
  155  9:22  Roach  
  147  9:25  Roach x3  
  153  9:32  Roach x3  
  153  9:35  Roach  
  153  9:37  Ravager x2  
  159  9:40  Roach  
  159  9:41  Roach  
  159  9:53  Roach x2  
  159  9:54  Overseer, Roach  
  146  10:02  Roach x3  
  146  10:05  Roach x4  
  140  10:09  Roach x4  
  140  10:12  Roach  
  140  10:13  Overseer  
  150  10:19  Roach x2  
  143  10:23  Roach  
  143  10:24  Overseer  
  145  10:31  Roach x2  
  145  10:35  Roach  
  137  10:38  Roach x2  
  131  10:45  Ravager, Roach x3  
  131  10:46  Ravager x3  
  131  10:49  Roach x2  
  139  10:50  Queen  
  139  10:51  Roach  
  139  10:54  Roach x3  
  139  10:57  Drone x2  
  151  11:00  Roach x3  
  151  11:01  Roach  
  159  11:08  Roach x2  
  163  11:16  Roach  
  163  11:17  Roach x2  
  165  11:19  Roach x4  
  169  11:26  Roach  
  169  11:27  Drone x2  
  169  11:31  Drone x4  
  171  11:33  Zerg Ground Armor Level 1  
  167  11:40  Roach x2  
  166  11:48  Infestation Pit  
  166  11:50  Drone x5  
  166  11:51  Drone  
  158  11:55  Drone x2  
  158  11:56  Drone x3  
  158  11:57  Drone  
  158  12:01  Extractor  
  161  12:03  Drone  
  161  12:05  Evolution Chamber  
  161  12:06  Ravager  
  161  12:07  Overlord  
  162  12:08  Extractor  
  161  12:15  Drone  
  161  12:16  Drone x2  
  162  12:25  Infestor x2  
  162  12:27  Hive, Infestor  
  168  12:32  Infestor, Zergling x2  
  168  12:33  Zergling x8  
  168  12:34  Hatchery  
  173  12:55  Roach x2  
  171  12:59  Ravager  
  171  13:00  Ravager x2  
  171  13:04  Roach x3  
  170  13:05  Roach  
  170  13:06  Roach x4  
  170  13:11  Queen  
  167  13:22  Spore Crawler  
  167  13:25  Drone x4  
  170  13:32  Hatchery  
  164  13:50  Ultralisk Cavern  
Tags
 
Add a new tag
Caveats
  • Supply blocks, unpowered buildings, or Contaminate may cause inaccurate times.
  • Supply counts are checked every 10 seconds.